 Dungeon Crawl Stone Soup version 0.18.1-8-gdd0e5ea (webtiles) character file.

492 georgeearnest the Insei (level 6, -5/55 HPs)
             Began as a Draconian Monk on May 24, 2016.
             Slain by a river rat (7 damage)
             ... on level 4 of the Dungeon.
             The game lasted 00:09:47 (2650 turns).

georgeearnest the Insei (Draconian Monk)            Turns: 2650, Time: 00:09:47

Health: -5/55      AC:  8    Str: 13    XL:     6   Next: 91%
Magic:  6/6        EV: 15    Int: 11    God:
Gold:   74         SH:  0    Dex: 15    Spells: 0 memorised, 5 levels left

rFire  + . .     SeeInvis .       - Unarmed
rCold  . . .     Gourm    .     (armour unavailable)
rNeg   . . .     Faith    .     (no shield)
rPois  .         Spirit   .     (helmet restricted)
rElec  .         Dismiss  .     (no cloak)
rCorr  .         Reflect  .     (no gloves)
SustAt .         Harm     .     a - +1 pair of boots
MR     .....     Rnd*Tele +     (no amulet)
Stlth  +.........               b - ring of teleportation
                                d - ring of protection from fire

@: not resistant to hostile enchantments, very unstealthy
A: unfitting armour, cold-blooded, AC +6
a: no special abilities


You were on level 4 of the Dungeon.
You were not hungry.

You visited 1 branch of the dungeon, and saw 4 of its levels.

You collected 74 gold pieces.

Inventory:

Armour
 a - a +1 pair of boots (worn)
Jewellery
 b - a ring of teleportation (right hand)
 d - a ring of protection from fire (left hand)
Wands
 e - a wand of digging (9/24)
 n - a wand of polymorph (10/24)
Scrolls
 h - 3 scrolls of remove curse
 l - 3 scrolls of teleportation {unknown}
 m - a scroll of fog {unknown}
 q - a scroll of noise {unknown}
Comestibles
 c - 2 bread rations
 f - 2 meat rations
 o - 3 fruits


   Skills:
 + Level 4.9 Fighting
 + Level 5.0 Dodging
 + Level 2.7 Stealth
 + Level 5.6 Unarmed Combat


You had 5 spell levels left.
You didn't know any spells.

Dungeon Overview and Level Annotations

Branches:
Dungeon (4/15)             Temple (0/1) D:4

Altars:
Ashenzari
Cheibriados
Elyvilon
Gozag
Sif Muna
Yredelemnul
Zin

Annotations:
D:4 Eustachio, Menkaure


Innate Abilities, Weirdness & Mutations

Your plain brown scales are hard (AC +6).
Your body does not fit into most forms of armour.
You are cold-blooded and may be slowed by cold attacks.


Message History

Moving in this stuff is going to be slow.
The river rat barely misses you.
The river rat bites you but does no damage.
You enter the shallow water.
Moving in this stuff is going to be slow.
The river rat bites you.
* * * LOW HITPOINT WARNING * * *
Menkaure calls on the powers of darkness!
The adder convulses!
The giant cockroach convulses!
The river rat convulses!
Your body is wracked with pain!
* * * LOW HITPOINT WARNING * * *
The river rat misses you.
You enter the shallow water.
Moving in this stuff is going to be slow.
The river rat closely misses you. The river rat bites you!
* * * LOW HITPOINT WARNING * * *
The river rat bites you but does no damage.
The river rat bites you!
You die...

#.# ##)## #. #.# #...# #. #.#
#.#.##### ##.###........
************ #..<####..####
*,,,,,,,,,<******####.###..#
*,,,,,,,,*,*≈≈≈≈≈,,≈##.....####
*,******,*,,########s###.......
*,* *,**##r@.≈≈##≈###...####
*,* *,* #≈#####≈#≈#..>.##
*,******,* #r#*≈∩#r#≈####.#
*,,,,,**,* #s#≈***≈..# #.#
*,***,**,* #≈#*,≈≈≈.≈# #.# *,*
*,**,* #r#######≈# #.# * *,*
*,**,*###≈.rs≈rS.## #.# * *,*
*,**,*#.#######M#.# *.# *
*,***.##,*##.## ###.# *,*****


You could see a river rat.

Vanquished Creatures
  A phantom (D:4)
  An ogre (D:4)
  Crazy Yiuf (D:2)
  A centaur skeleton (D:4)
  Terence (D:2)
  Natasha (thrice) (D:2)
  7 adders
  An adder skeleton (D:4)
  2 worms
  2 dart slugs (D:2)
  3 giant geckos
  2 orcs (D:3)
  3 giant cockroaches
  14 goblins
  6 hobgoblins
  14 jackals
  8 kobolds
  3 quokkas
  4 bats
  2 giant newts (D:2)
  9 rats
88 creatures vanquished.

Notes
Turn   | Place    | Note
--------------------------------------------------------------
     0 | D:1      | georgeearnest the Draconian Monk began the quest for the Orb.
     0 | D:1      | Reached XP level 1. HP: 19/19 MP: 1/1
   211 | D:1      | Reached XP level 2. HP: 26/26 MP: 2/2
   622 | D:2      | Reached XP level 3. HP: 25/31 MP: 3/3
   875 | D:2      | Noticed Terence
  1050 | D:2      | Reached XP level 4. HP: 33/40 MP: 4/4
  1160 | D:2      | Killed Terence
  1286 | D:2      | Noticed Natasha
  1297 | D:2      | Killed Natasha
  1297 | D:2      | Noticed Natasha
  1300 | D:2      | Reached XP level 5. HP: 45/46 MP: 5/5
  1304 | D:2      | Killed Natasha
  1352 | D:2      | Reached skill level 5 in Unarmed Combat
  1437 | D:2      | Noticed Natasha
  1444 | D:2      | Killed Natasha
  1472 | D:2      | Noticed Crazy Yiuf
  1486 | D:2      | Killed Crazy Yiuf
  1883 | D:3      | Reached XP level 6. HP: 53/53 MP: 6/6
  2342 | D:4      | Noticed Eustachio
  2389 | D:4      | Found a staircase to the Ecumenical Temple.
  2513 | D:4      | Found a basalt altar of Yredelemnul.
  2538 | D:4      | Reached skill level 5 in Dodging
  2557 | D:4      | Found a snail-covered altar of Cheibriados.
  2561 | D:4      | Found a shattered altar of Ashenzari.
  2561 | D:4      | Found a deep blue altar of Sif Muna.
  2562 | D:4      | Found a glowing silver altar of Zin.
  2563 | D:4      | Found a white marble altar of Elyvilon.
  2564 | D:4      | Found an opulent altar of Gozag.
  2587 | D:4      | Noticed Menkaure
  2648 | D:4      | HP: 2/55 [river rat (8)]
  2650 | D:4      | Slain by a river rat

Skill      XL: |  1  2  3  4  5  6 |
---------------+-------------------+-----
Stealth        | 2 |  2.7
Dodging        | 3 4 5 |  5.0
Fighting       | 4 |  4.9
Unarmed Combat | 5 |  5.6

Action                   |  1- 3 |  4- 6 || total
-------------------------+-------+-------++-------
Melee: Unarmed           |   103 |   221 ||   324
       Tailslap          |    11 |    33 ||    44
       Punch             |       |     3 ||     3
Evoke: Wand              |       |     2 ||     2
  Use: Potion            |       |     7 ||     7
       Scroll            |       |     3 ||     3
 Stab: Sleeping          |     2 |     6 ||     8
  Eat: Bread ration      |       |     2 ||     2
Armor: Skin              |    29 |    66 ||    95
Dodge: Dodged            |    79 |   192 ||   271
